 Dungeon Crawl Stone Soup version 0.24-a0-29-g43a6aff (webtiles) character file.

Game seed: 12602191014047314626

100 Blackhawk the Cudgeler (level 4, -10/28 HPs)
             Began as a Gargoyle Gladiator on Feb 2, 2019.
             Was an Initiate of Trog.
             Mangled by an ogre
             ... wielding a +0 giant spiked club
              (25 damage)
             ... on level 4 of the Dungeon.
             The game lasted 00:02:13 (1332 turns).

Blackhawk the Cudgeler (Gargoyle Gladiator)         Turns: 1332, Time: 00:02:14

Health: -10/28     AC:  7    Str: 18    XL:     4   Next: 73%
Magic:  0/4        EV: 12    Int:  9    God:    Trog [......]
Gold:   99         SH:  0    Dex: 11    Spells: 3/3 levels left

rFire    . . .     SeeInvis .   n - +2 morningstar (venom)
rCold    . . .     Gourm    .   (no shield)
rNeg     + . .     Faith    .   b - +0 leather armour
rPois    ∞         Spirit   +   c - +0 helmet
rElec    +         Reflect  .   (no cloak)
rCorr    .         Harm     .   (no gloves)
MR       .....                  (no boots)
Stlth    +.........             i - amulet of guardian spirit
HPRegen  0.09/turn              e - ring of wizardry
MPRegen  0.09/turn              (no ring)

@: no status effects
A: negative energy resistance 1, electricity resistance, unbreathing,
petrification resistance, rot immunity, AC +3
a: Renounce Religion


You were on level 4 of the Dungeon.
You worshipped Trog.
Trog was noncommittal.
You were not hungry.

You visited 1 branch of the dungeon, and saw 3 of its levels.

You collected 99 gold pieces.

Inventory:

Hand Weapons
 a - a +0 flail
 n - a +2 morningstar of venom (weapon)
Missiles
 d - 3 throwing nets (quivered)
Armour
 b - a +0 leather armour (worn)
 c - a +0 helmet (worn)
Jewellery
 e - a ring of wizardry (left hand)
 i - an amulet of guardian spirit (around neck)
Scrolls
 p - a scroll of identify {unknown}
 q - a scroll of magic mapping {unknown}
Potions
 g - 2 potions of degeneration {unknown}
 h - a potion of brilliance {unknown}
 j - a potion of mutation {unknown}
 k - a potion of flight {unknown}
 l - a potion of curing {unknown}
 m - a potion of resistance {unknown}
Comestibles
 f - 4 rations
 o - 7 chunks of flesh


   Skills:
 + Level 3.3 Fighting
 + Level 3.7 Maces & Flails
 - Level 2.2 Throwing
 + Level 3.1 Dodging


You had 3 spell levels left.
You didn't know any spells.
Your spell library was empty.

Dungeon Overview and Level Annotations

Branches:
Dungeon (2/15)

Altars:
Trog


Innate Abilities, Weirdness & Mutations

You are resistant to torment.
Your stone body is resilient. (AC +3)
You are immune to poison.
You resist negative energy. (rN+)
You are resistant to electric shocks. (rElec)
You can survive without breathing.
You are immune to petrification.
You are immune to rotting.


Message History

You puncture the adder!
You kill the adder!
Trog accepts your kill.
No target in view!
Found a trident.
An orc, an orc priest and an ogre come into view.
The orc shouts!
The ogre shouts!
An orc priest comes into view. It is wielding a +0 short sword.
Found a scroll labeled AFITUY ZAXUZO and a scroll labeled USKERINEST.
An orc comes into view. It is wielding a +0 hand axe.
The orc shouts!
You puncture the orc!
You kill the orc!
Trog accepts your kill.
You barely miss the ogre.
The ogre hits you with a +0 giant spiked club!
You barely miss the ogre.
The ogre hits you with a +0 giant spiked club!!
Ouch! That really hurt!
You die...

#.# ....###.#
....##.# #
....##.####
#.....##....#
##.#...##....# #
. ...##.._..#
#.##.#........##
#....#@##.##.##
###.oO##.#..#
.....>#....#.##
#####.#.#.##.####
###.).........#
#...#.##...##.#
#.#....#...##.#
..#
#.............#
#.#
#......#...####


You could see an ogre and an orc.

Vanquished Creatures
  An iguana (D:4)
  A worker ant (D:4)
  2 adders
  An ooze (D:1)
  2 dart slugs
  An orc (D:4)
  A ball python (D:1)
  A bat (D:1)
  3 giant cockroaches
  3 hobgoblins (D:1)
  A kobold (D:1)
  3 frilled lizards (D:1)
  A goblin (D:1)
  A leopard gecko skeleton (D:4)
  5 rats (D:1)
27 creatures vanquished.

Notes
Turn   | Place    | Note
-------+----------+-------------------------------------------
     0 | D:1      | Blackhawk the Gargoyle Gladiator began the quest for the
                  | Orb.
     0 | D:1      | Reached XP level 1. HP: 12/12 MP: 1/1
   261 | D:1      | Reached XP level 2. HP: 10/18 MP: 2/2
   750 | D:1      | Reached XP level 3. HP: 17/22 MP: 3/3
  1108 | D:2      | You fall through a shaft for 2 floors!
  1108 | D:4      | Found a bloodstained altar of Trog.
  1120 | D:4      | Became a worshipper of Trog the Wrathful
  1145 | D:4      | Reached XP level 4. HP: 26/28 MP: 4/4
  1296 | D:4      | Noticed an ogre
  1332 | D:4      | Mangled by an ogre

Vault maps used:
D:1:      dpeg_arrival_prison, dk_noncrumbling_3
D:2:      marbit_many_paths, uniq_jessica
D:4:      bloody_trog, cheibrodos_ashenzari_chains, uniq_edmund

Skill      XL: |  1  2  3  4 |
---------------+-------------+-----
Throwing       | 2 |  2.2
Fighting       | 3 |  3.3
Dodging        | 3 |  3.1
Maces & Flails | |  3.7

Action                   |  1- 3 |  4- 6 || total
-------------------------+-------+-------++-------
Melee: Flail             |    58 |       ||    58
       Morningstar       |     4 |    13 ||    17
  Eat: Chunk             |     1 |       ||     1
Armor: Leather armour    |    25 |     2 ||    27
Dodge: Dodged            |    42 |     7 ||    49

Table legend:
 A = Non-vault XP
 B = Vault XP
 C = Vault XP percentage of total XP
 D = Non-vault monster count
 E = Vault monster count
 F = Vault count percentage of total count
                 A         B        C        D         E       F
            +---------+---------+-------+---------+---------+-------
      Total |     141 |       2 |   1.4 |      26 |       1 |   3.7
            +---------+---------+-------+---------+---------+-------
        D:1 |      34 |       2 |   5.6 |      18 |       1 |   5.3
        D:2 |      18 |       0 |   0.0 |       2 |       0 |   0.0
        D:4 |      89 |       0 |   0.0 |       6 |       0 |   0.0
            +---------+---------+-------+---------+---------+-------
